 Dungeon Crawl Stone Soup version 0.18.1-48-g4cf74bf (webtiles) character file.

82 Wander the Covered (level 4, -14/32 HPs)
             Began as a Human Wanderer on Sept 9, 2016.
             Demolished by tobi's ghost (15 damage)
             ... on level 3 of the Dungeon.
             The game lasted 00:04:36 (1770 turns).

Wander the Covered (Human Wanderer)                 Turns: 1770, Time: 00:04:37

Health: -14/32     AC:  8    Str: 12    XL:     4   Next: 70%
Magic:  5/5        EV:  9    Int: 15    God:
Gold:   88         SH:  0    Dex: 11    Spells: 0 memorised, 5 levels left

rFire  . . .     SeeInvis .     q - +1 rapier (elec)
rCold  . . .     Gourm    .     a - +2 scale mail
rNeg   . . .     Faith    .     (no shield)
rPois  .         Spirit   .     (no helmet)
rElec  .         Dismiss  .     (no cloak)
rCorr  .         Reflect  .     (no gloves)
SustAt .         Harm     .     (no boots)
MR     .....                    (no amulet)
Stlth  +.........               (no ring)
                                (no ring)

@: not resistant to hostile enchantments, very unstealthy
A: no striking features
a: no special abilities


You were on level 3 of the Dungeon.
You were very hungry.

You visited 1 branch of the dungeon, and saw 3 of its levels.

You collected 88 gold pieces.

Inventory:

Hand Weapons
 e - a +0 dagger
 i - a +0 spear
 q - a +1 rapier of electrocution (weapon)
Missiles
 h - 42 bolts
Armour
 a - a +2 scale mail (worn)
Scrolls
 g - a scroll of random uselessness {unknown}
 j - 2 scrolls of recharging {unknown}
 k - 2 scrolls of immolation {unknown}
 l - a scroll of remove curse {unknown}
 n - a scroll of enchant weapon {unknown}
 o - a scroll of enchant armour {unknown}
 p - 3 scrolls of identify {unknown}
Potions
 c - 2 potions of lignification
 m - a potion of mutation {unknown}
Books
 b - the Tome of Intoxication

   Spells                             Type                      Level
   a - Sting                          Conjuration/Poison           1
   b - Spider Form                    Transmutation/Poison         3
Comestibles
 d - 3 meat rations
 f - 2 bread rations


   Skills:
 - Level 1.0 Fighting
 * Level 1.8 Short Blades
 - Level 2.0 Polearms
   Level 1.0 Bows
 - Level 3.0 Armour
 - Level 1.1 Dodging
 - Level 3.0 Stealth
 - Level 1.0 Spellcasting
   Level 1.0 Charms
   Level 1.0 Ice Magic


You had 5 spell levels left.
You didn't know any spells.

Dungeon Overview and Level Annotations

Branches:
Dungeon (3/15)

Altars:

Annotations:
D:3 tobi's ghost, amateur MiFi


Message History

Tobi's ghost is severely damaged.
You are feeling very hungry.
Tobi's ghost completely misses you.
You hit tobi's ghost.
Tobi's ghost is severely damaged.
Tobi's ghost barely misses you.
You hit tobi's ghost but do no damage.
Tobi's ghost is severely damaged.
Tobi's ghost hits you.
* * * LOW HITPOINT WARNING * * *
You hit tobi's ghost.
Tobi's ghost is almost destroyed.
Tobi's ghost hits you but does no damage.
Tobi's ghost keens inconsolably.
Tobi's ghost hits you.
* * * LOW HITPOINT WARNING * * *
You closely miss tobi's ghost.
Tobi's ghost is almost destroyed.
Tobi's ghost hits you!
You die...

# #...# . ..... .# #
#...# (##. #...##
#... . #.... ..##.##
######...####W......
............@...#
.......[........#
.............(..#
####.#....###...(..
# #....$..=.##.#
#....####.# .. #
#....# .# . #.#....#
.. #......# ##


You could see tobi's ghost.

Vanquished Creatures
  Jessica (D:3)
  2 adders (D:2)
  2 giant geckos
  2 giant cockroaches
  4 goblins
  5 hobgoblins
  3 jackals (D:1)
  6 kobolds
  A ball python (D:1)
  3 bats
  8 rats
37 creatures vanquished.

Notes
Turn   | Place    | Note
--------------------------------------------------------------
     0 | D:1      | Wander the Human Wanderer began the quest for the Orb.
     0 | D:1      | Wander set off with: a +2 scale mail, the Tome of Intoxication, a potion of lignification, a +0 club, a +0 dagger, a bread ration
     0 | D:1      | Reached XP level 1. HP: 15/15 MP: 2/2
     0 | D:1      | Identified the Tome of Intoxication
   283 | D:1      | Reached XP level 2. HP: 18/21 MP: 3/3
   293 | D:1      | Reached skill level 1 in Polearms
   751 | D:1      | Reached XP level 3. HP: 26/26 MP: 4/4
  1360 | D:2      | Reached skill level 1 in Dodging
  1405 | D:2      | Reached XP level 4. HP: 27/32 MP: 5/5
  1745 | D:3      | Noticed Jessica
  1752 | D:3      | Killed Jessica
  1752 | D:3      | Reached skill level 1 in Short Blades
  1756 | D:3      | Noticed tobi's ghost (amateur MiFi)
  1769 | D:3      | HP: 1/32 [tobi's ghost (1)]
  1770 | D:3      | Demolished by tobi's ghost

Skill      XL: |  1  2  3  4 |
---------------+-------------+-----
Polearms       | 1 2 |  2.0
Stealth        | 3 |  3.0
Dodging        | 1 |  1.1
Short Blades   | 1 |  1.8
Fighting       | |  1.0
Bows           | |  1.0
Armour         | |  3.0
Spellcasting   | |  1.0
Charms         | |  1.0
Ice Magic      | |  1.0

Action                   |  1- 3 |  4- 6 || total
-------------------------+-------+-------++-------
Melee: Spear             |   138 |    19 ||   157
       Club              |     6 |       ||     6
       Rapier            |       |    40 ||    40
  Use: Potion            |     1 |       ||     1
  Eat: Chunk             |     2 |       ||     2
Armor: Scale mail        |    55 |    27 ||    82
Dodge: Dodged            |    58 |    30 ||    88
